 Dungeon Crawl Stone Soup version 0.31-a0-4-gefa6de2278 (webtiles) character file.

Game seed: 1794987877066078904

21 jasper the Digger (level 2, -1/27 HPs)
             Began as an Ogre Earth Elementalist on May 3, 2023.
             Slain by Sigmund
             ... wielding a +0 scythe
              (7 damage)
             ... on level 3 of the Dungeon.
             The game lasted 00:01:15 (928 turns).

jasper the Digger (Ogre Earth Elementalist)          Turns: 928, Time: 00:01:16

Health: -1/27      AC:  3    Str: 11    XL:     2   Next: 83%
Magic:  4/5        EV:  9    Int: 16    God:
Gold:   71         SH:  0    Dex:  9    Spells: 3/6 levels left

rFire   . . .        e - +0 flail
rCold   . . .        (no shield)
rNeg    . . .        a - +0 robe
rPois   .            (helmet restricted)
rElec   .            (no cloak)
rCorr   .            (gloves unavailable)
SInv    .            (boots unavailable)
Will    .....        g - amulet of the acrobat
Stlth   +            (no ring)
HPRegen 0.24/turn    (no ring)
MPRegen 0.09/turn

%: acrobat
@: no status effects
A: large, unfitting armour, tough skin 1
a: no special abilities


You were on level 3 of the Dungeon.
You visited 1 branch of the dungeon, and saw 3 of its levels.

You collected 71 gold pieces.

Inventory:

Hand Weapons
 e - a +0 flail (weapon)
Missiles
 c - 5 poisoned darts
Armour
 a - a +0 robe (worn)
Jewellery
 g - an amulet of the acrobat (around neck)
Potions
 d - a potion of mutation {unknown}
 f - a potion of lignification {unknown}
 h - a potion of cancellation {unknown}
 i - 2 potions of curing {unknown}
 j - a potion of attraction {unknown}


   Skills:
 + Level 1.3 Fighting
 - Level 1.7 Dodging
 - Level 1.4 Stealth
 + Level 2.8 Spellcasting
 - Level 0.8 Transmutations
 * Level 3.2 Earth Magic


You had 3 spell levels left.
You knew the following spells:

 Your Spells              Type           Power      Damage    Failure   Level
a - Sandblast             Erth           24%        2d8       4%          1
b - Passwall              Tmut/Erth      6%         N/A       13%         2

Your spell library contained the following spells:

 Spells                   Type           Power      Damage    Failure   Level
 Wereblood                Tmut           5%         N/A       21%         2
 Sublimation of Blood     Necr           2%         N/A       28%         2
 Stone Arrow              Conj/Erth      14%        3d7       30%         3
 Petrify                  Tmut/Erth      8%         N/A       63%         4
 Summon Hydra             Summ           1%         N/A       100%        7


Dungeon Overview and Level Annotations

Branches:
Dungeon (3/15)

Altars:

Annotations:
D:3 Sigmund


Innate Abilities, Weirdness & Mutations

You are too large for most types of armour.
You have tough skin. (AC +1)


Message History

Aim: Sigmund, wielding a +0 scythe and wearing a +2 robe of willpower (heavily wounded, 47% to hit, chance to blind on hit: 80%)
You throw an atropa-tipped dart.
The atropa-tipped dart closely misses Sigmund.
Sigmund points at you and mumbles some strange words.
You resist with significant effort.
Aiming: Sandblast (safe; 4% risk of failure)
Press: ? - help, Q - select action, (/) - cycle Shift-Dir - straight line, f/p - Sigmund
Aim: Sigmund, wielding a +0 scythe and wearing a +2 robe of willpower (heavily wounded, 80% to hit)
The blast of sand hits Sigmund but does no damage.
Sigmund is heavily wounded.
Sigmund drinks a potion.
Sigmund seems to grow stronger.
You now have 1/5 mp.
Aiming: Sandblast (safe; 4% risk of failure)
Press: ? - help, Q - select action, (/) - cycle Shift-Dir - straight line, f/p - Sigmund
Aim: Sigmund, wielding a +0 scythe and wearing a +2 robe of willpower (heavily wounded, strong, 80% to hit)
The blast of sand hits Sigmund.
Sigmund is severely wounded.
Sigmund hits you from afar with a +0 scythe.
You take 1 damage, and have 19/27 hp.
You now have 0/5 mp.
You don't have enough magic to cast this spell.
You don't have enough magic to cast this spell.
Magic courses through your body. Sigmund barely misses you.
MP restored: 5
Aiming: Sandblast (safe; 4% risk of failure)
Press: ? - help, Q - select action, (/) - cycle Shift-Dir - straight line, f/p - Sigmund
Aim: Sigmund, wielding a +0 scythe and wearing a +2 robe of willpower (severely wounded, strong, 80% to hit)
The blast of sand hits Sigmund.
Sigmund is almost dead.
Sigmund gestures at you while chanting. The puff of flame hits you!
Ouch! That really hurt!
* * * LOW HITPOINT WARNING * * *
You take 14 damage, and have 5/27 hp.
MASSIVE DAMAGE!!
You now have 4/5 mp.
Aiming: Sandblast (safe; 4% risk of failure)
Press: ? - help, Q - select action, (/) - cycle Shift-Dir - straight line, f/p - Sigmund
Aim: Sigmund, wielding a +0 scythe and wearing a +2 robe of willpower (almost dead, strong, 80% to hit)
The blast of sand hits Sigmund but does no damage.
Sigmund is almost dead.
Sigmund hits you from afar with a +0 scythe!
You die...

................
###.#...########
#.#.#.....#
#.#...#.#
#.#...#.# .###
#.#.#.#
...(.#...#.#
###!.@...#.#
...(...@.#.#
......##.#.#
##### #.#†#
#...# #####


You could see Sigmund (strong).

Vanquished Creatures
  A gnoll (D:1)
  2 ball pythons (D:1)
  A goblin (D:1)
  2 hobgoblins (D:1)
  A quokka (D:3)
  3 bats (D:1)
  A rat (D:1)
11 creatures vanquished.

Notes
Turn   | Place    | Note
-------+----------+-------------------------------------------
     0 | D:1      | jasper the Ogre Earth Elementalist began the quest for the
                  | Orb.
     0 | D:1      | Reached XP level 1. HP: 16/16 MP: 3/3
   254 | D:1      | Reached skill level 1 in Fighting
   254 | D:1      | Reached skill level 3 in Earth Magic
   254 | D:1      | Reached XP level 2. HP: 27/27 MP: 1/5
   341 | D:1      | Learned a level 2 spell: Passwall
   917 | D:3      | Noticed Sigmund
   928 | D:3      | Slain by Sigmund

Illustrated notes

Levels and vault maps discovered:
D:1:      kennysheep_arrival_seaside, layout_rooms, serial_bayou_lake_a
D:2:      cheibrodos_pilgrimage, layout_loops_ring
D:3:      layout_basic, mainiacjoe_overflow_concentric_impassable,
          nicolae_ecumenical_oubliette, uniq_sigmund

Skill      XL: |  1 |
---------------+----+-----
Fighting       | 1 |  1.3
Earth Magic    | 3 |  3.2
Dodging        | |  1.7
Stealth        | |  1.4
Spellcasting   | |  2.8
Transmutations | |  0.8

Action                     || total
---------------------------++-------
  Melee: Flail             ||     2
  Throw: Dart              ||     3
   Cast: Sandblast         ||    19
    Use: Potion            ||     1
   Stab: Sleeping          ||     1
 Armour: Robe              ||     1
  Dodge: Dodged            ||     3

Table legend: (Time is in decaauts)
 A = Elapsed time spent in this place.
 B = Non-inter-level travel time spent in this place.
 C = Inter-level travel time spent in this place.
 D = Time resting spent in this place.
 E = Time spent auto-exploring this place.
 F = Levels seen in this place.
 G = Mean time per level.
                   A        B        C        D        E       F      G
               +--------+--------+--------+--------+--------+-----+--------+
         Total |    937 |    840 |     97 |     83 |    626 |   3 |  312.3 |
       Dungeon |    937 |    840 |     97 |     83 |    626 |   3 |  312.3 |
               +--------+--------+--------+--------+--------+-----+--------+

Top non-repeatable levels by time:
     D:1: 849 daAuts
     D:3: 47 daAuts
     D:2: 40 daAuts
